 Dungeon Crawl Stone Soup version bcrawl-1.19.1 (webtiles) character file.

Game seed: 2296675818122491787

58 Freyura the Shield-Bearer (level 3, -1/23 HPs)
             Began as a Skeleton Fighter on Nov 28, 2019.
             Slain by Sigmund
             ... wielding a +0 scythe
              (2 damage)
             ... on level 2 of the Dungeon.
             The game lasted 00:04:57 (1787 turns).

Freyura the Shield-Bearer (Skeleton Fighter)        Turns: 1787, Time: 00:04:58

Health: -1/23      AC: 10    Str: 22      XL:     3   Next: 76%
Magic:  0/3        EV:  8    Int:  5 (6)  God:
Gold:   153        SH:  9    Dex:  9      Spells: 2/2 levels left

rFire    . . .     SeeInvis .   a - +0 flail
rCold    + + .     Gourm    .   c - +0 shield
rNeg     + + +     Faith    .   b - +0 scale mail
rPois    ∞         Spirit   +   (no helmet)
rElec    .         Reflect  .   (no cloak)
rCorr    .         Harm     .   (no gloves)
MR       .....                  (no boots)
Stlth    ..........             (no amulet)
HPRegen  0.07/turn              d - +4 ring of protection
MPRegen  0.08/turn              i - ring of protection from cold

@: no status effects
A: no food or potions, cold resistance 1, deterioration 1, negative energy
resistance 3, torment resistance, unbreathing, magic shield, sturdy frame 1,
spell healing
a: no special abilities


You were on level 2 of the Dungeon.
You were not hungry.

You visited 1 branch of the dungeon, and saw 2 of its levels.

You collected 153 gold pieces.

Inventory:

Hand Weapons
 a - a +0 flail (weapon)
Armour
 b - a +0 scale mail (worn)
 c - a +0 shield (worn)
Jewellery
 d - a +4 ring of protection (left hand)
 i - a ring of protection from cold (right hand)
Scrolls
 e - a scroll of enchant armour {unknown}
 f - a scroll of teleportation {unknown}
 g - a scroll of fear {unknown}
 h - 2 scrolls of magic mapping {unknown}
 j - 3 scrolls of immolation {unknown}


   Skills:
 + Level 3.3 Fighting
 * Level 3.6 Maces & Flails
 + Level 3.6 Armour
 + Level 1.1 Dodging
 + Level 4.0 Shields


You had 2 spell levels left.
You didn't know any spells.
Your spell library was empty.

Dungeon Overview and Level Annotations

Branches:
Dungeon (2/12)

Altars:

Annotations:
D:2 Sigmund


Innate Abilities, Weirdness & Mutations

You do not eat or drink.
You are immune to poison.
Your flesh is cold resistant. (rC+)
Your body sometimes deteriorates upon taking damage.
You are immune to negative energy. (rN+++)
You are immune to unholy pain and torment.
You can survive without breathing.
When hurt, damage is shared between your health and your magic reserves.
Your movements are slightly less encumbered by armour. (ER -2)
Casting spells heals you.


Message History

Your shield prevents you from hitting something.
You miss something. You block the bat's attack.
Something hits you but does no damage.
You hit something. You block the bat's attack. x2
Something hits you but does no damage.
You completely miss something. You block the bat's attack.
Something hits you but does no damage.
You barely miss something. You block the bat's attack. Something hits you.
You miss something. You block the bat's attack.
Something hits you but does no damage.
You barely miss something. You block the bat's attack. Something hits you.
* * * LOW HITPOINT WARNING * * *
You miss something. You block the bat's attack.
You hit something.
You hear some strange, mumbled words.
A magic dart appears from out of thin air!
The magic dart hits you!
* * * LOW HITPOINT WARNING * * *
You block the bat's attack. Something hits you.
You die...

#.....##..# #.#######
#.....##..######.### #
#..................#####
#.....##..#.............
...######...#..........###
##.#.#...........##
.#####..#.#.............
......{##.#.............
#....@..#..........###
#.>.†b.............###
#.......#.##.>........
#.....$...............
#.....................
#.......####..........
#.......# #..........
#.......# #..........
#.......# #..........


You could see a bat.

Vanquished Creatures
  2 oozes
  3 worms (D:2)
  A dart slug (D:1)
  A leopard gecko (D:2)
  An orc (D:2)
  3 bats (D:2)
  4 giant cockroaches (D:1)
  3 goblins
  4 hobgoblins
  4 jackals (D:2)
  3 kobolds
  A quokka (D:2)
  A frilled lizard (D:1)
  2 rats
33 creatures vanquished.

Notes
Turn   | Place    | Note
-------+----------+-------------------------------------------
     0 | D:1      | Freyura the Skeleton Fighter began the quest for the Orb.
     0 | D:1      | Reached XP level 1. HP: 14/14 MP: 1/1
   420 | D:1      | Reached XP level 2. HP: 17/19 MP: 2/2
  1032 | D:2      | Reached XP level 3. HP: 23/23 MP: 3/3
  1327 | D:2      | Reached skill level 1 in Dodging
  1630 | D:2      | Found a faded altar of an unknown god.
  1698 | D:2      | Reached skill level 4 in Shields
  1769 | D:2      | Noticed Sigmund
  1787 | D:2      | HP: 1/23 [something/magic dart (2)]
  1787 | D:2      | Slain by Sigmund

Skill      XL: |  1  2  3 |
---------------+----------+-----
Maces & Flails | 3 |  3.6
Dodging        | 1 |  1.1
Shields        | 4 |  4.0
Fighting       | |  3.3
Armour         | |  3.6

Action                   || total
-------------------------++-------
Melee: Flail             ||   171
Armor: Scale mail        ||   101
Dodge: Dodged            ||    65
Block: Shield            ||   124
